 Dungeon Crawl Stone Soup version 0.30.1-11-g7821555f0a (webtiles) character file.

Game seed: 8471647084607627902

11 comborobin the Sneak (level 2, -2/19 HPs)
             Began as a Gargoyle Delver on Jan 2, 2024.
             Killed by divine providence
             ... invoked by an orc priest
              (14 damage)
             ... on level 3 of the Dungeon.
             The game lasted 00:00:30 (202 turns).

comborobin the Sneak (Gargoyle Delver)               Turns: 202, Time: 00:00:30

Health: -2/19      AC:  7    Str: 15    XL:     2   Next: 25%
Magic:  2/2        EV: 10    Int: 10    God:
Gold:   30         SH:  0    Dex: 11    Spells: 1/1 levels left

rFire   . . .        d - +0 flail
rCold   . . .        (no shield)
rNeg    + . .        h - +0 ring mail
rPois   ∞            (no helmet)
rElec   +            i - scarf {harm}
rCorr   .            (no gloves)
SInv    .            (no boots)
Will    .....        (no amulet)
Stlth   ++           (no ring)
HPRegen 0.23/turn    (no ring)
MPRegen 0.08/turn

%: harm (+30% outgoing, +20% incoming)
@: no status effects
A: sickness immunity, AC +2, negative energy resistance 1, electricity
resistance, torment resistance 1, petrification resistance
a: no special abilities


You were on level 3 of the Dungeon.
You visited 1 branch of the dungeon, and saw 3 of its levels.

You collected 30 gold pieces.

Inventory:

Hand Weapons
 a - a +0 mace
 d - a +0 flail (weapon)
Armour
 b - a +0 leather armour
 h - a +0 ring mail (worn)
 i - a scarf of harm (worn)
Wands
 g - a wand of digging (3)
 l - a wand of light (9)
Scrolls
 c - a scroll of fog
 e - 2 scrolls of fear
 k - a scroll of teleportation {unknown}
Potions
 f - a potion of haste
 j - 2 potions of degeneration {unknown}


   Skills:
 - Level 3.2 Fighting
 + Level 2.9 Maces & Flails
 - Level 1.5 Dodging
 - Level 5.4 Stealth


You had one spell level left.
You didn't know any spells.
Your spell library was empty.

Dungeon Overview and Level Annotations

Branches:
Dungeon (5/15)
 Temple: D:4-7

Altars:
Qazlal


Innate Abilities, Weirdness & Mutations

You are immune to sickness and miasma.
Your stone body is resilient. (AC +2)
You are immune to poison.
You resist negative energy. (rN+)
You are resistant to electric shocks. (rElec)
You are resistant to unholy torment.
You are immune to petrification.


Message History

You kill the endoplasm!
The rat bites you.
You hit the rat.
You kill the rat!
No target in view!
No target in view!
No target in view!
You see here a rat corpse.
An orc priest comes into view. It is wielding a +0 club.
An orc priest is nearby!
An orc comes into view. It is wielding a +0 flail.
There are monsters nearby!
An orc comes into view.
It is wielding a +0 short sword. 2 orcs come into view.
Found an escape hatch in the ceiling.
The orc shouts! x2; The orc priest shouts!
The orc shouts! x2
A rat comes into view.
You barely miss the orc priest. The orc hits you but does no damage.
The orc priest mumbles some strange prayers to Beogh against you.
Pain shoots through your body! The orc misses you.
The rat twitches its whiskers.
You hit the orc priest.
The orc priest is lightly wounded.
The orc misses you. The orc priest barely misses you.
The orc hits you with a +0 short sword.
Unknown command.
You barely miss the orc priest.
The orc priest is lightly wounded.
The orc hits you but does no damage. The orc priest barely misses you.
The orc hits you but does no damage. x2
The orc priest looks braver for a moment.
Unknown command.
You closely miss the orc priest.
The orc priest is lightly wounded.
The orc hits you with a +0 flail. The orc closely misses you. x2
The orc hits you but does no damage.
The orc priest mumbles some strange prayers to Beogh against you.
Beogh smites you!
Ouch! That really hurt!
You die...

#._..#.#.#.#
####........†.#
#....P........#
#.##...####.#.#
#####...........#.#
.........#..#...#..
.........#..#.#.###.
......oo....#.#.# .#
.....ro@...##.#.# #
......oo...##.#..
...........##.###
...........##.#
.<..######.# #.#.
#.# # # .# .#


You could see an orc priest, 4 orcs and a rat.

Vanquished Creatures
  An ufetubus (D:5)
  An orc (D:4)
  2 endoplasms (D:3)
  A rat (D:3)
5 creatures vanquished.

Notes
Turn   | Place    | Note
-------+----------+-------------------------------------------
     0 | D:5      | comborobin the Gargoyle Delver began the quest for the Orb.
     0 | D:5      | Reached XP level 1. HP: 14/14 MP: 1/1
    71 | D:5      | Noticed an iguana
    81 | D:4      | Reached XP level 2. HP: 12/19 MP: 2/2
   159 | D:3      | Found a stormy altar of Qazlal.
   202 | D:3      | Killed from afar by an orc priest

Illustrated notes

Levels and vault maps discovered:
D:3:      layout_basic, mainiacjoe_overflow_tiny_flanked
D:4:      layout_basic, mainiacjoe_overflow_alcove_1
D:5:      layout_loops_ring

Action                     || total
---------------------------++-------
  Melee: Mace              ||     3
         Flail             ||     9
    Use: Scroll            ||     1
   Stab: Sleeping          ||     1
 Armour: Ring mail         ||     5
  Dodge: Dodged            ||    10
